 Dungeon Crawl Stone Soup version 0.27-a0-1502-g47ed6a6988 (webtiles) character file.

Game seed: 17050854321427343944

12 crabcake the Poker (level 2, -1/24 HPs)
             Began as a Merfolk Berserker on July 8, 2021.
             Was a Follower of Trog.
             Slain by a quokka (3 damage)
             ... on level 1 of the Dungeon.
             The game lasted 00:06:20 (477 turns).

crabcake the Poker (Merfolk Berserker)               Turns: 477, Time: 00:06:21

Health: -1/24      AC:  2    Str: 17    XL:     2   Next: 33%
Magic:  2/2        EV: 12    Int:  6    God:    Trog [*.....]
Gold:   24         SH:  0    Dex: 13    Spells: 1/1 levels left

rFire    . . .     SeeInvis .   a - +0 spear
rCold    . . .     Faith    .   (no shield)
rNeg     . . .     Spirit   .   b - +0 animal skin
rPois    .         Reflect  .   (no helmet)
rElec    .         Harm     .   (no cloak)
rCorr    .         Rampage  .   (no gloves)
Will     .....                  (no boots)
Stlth    +.........             (no amulet)
HPRegen  0.08/turn              (no ring)
MPRegen  0.08/turn              (no ring)

@: no status effects
A: (nimble swimmer 2), mertail
a: Renounce Religion, Berserk


You were on level 1 of the Dungeon.
You worshipped Trog.
Trog was aware of your devotion.
You visited 1 branch of the dungeon, and saw 1 of its levels.

You collected 24 gold pieces.

Inventory:

Hand Weapons
 a - a +0 spear (weapon)
Armour
 b - a +0 animal skin (worn)
Scrolls
 c - a scroll of identify {unknown}
Potions
 d - a potion of cancellation {unknown}


   Skills:
 + Level 3.6 Fighting
 + Level 4.8 Polearms
 + Level 1.5 Armour
 + Level 2.9 Dodging


You had one spell level left.
You didn't know any spells.
Your spell library was empty.

Dungeon Overview and Level Annotations

Branches:
Dungeon (1/15)

Altars:


Innate Abilities, Weirdness & Mutations

((You are quick and stealthy near water. (Stealth+, EV+, Speed+++)))
Your lower body shifts to a powerful aquatic tail in water.


Message History

Things that are here:
a +0 club; a stone; a kobold corpse You closely miss the rat.
The rat closely misses you.
You hit the rat.
You kill the rat!
Trog accepts your kill.
You miss the frilled lizard. The frilled lizard bites you.
You miss the frilled lizard. The frilled lizard barely misses you.
You barely miss the frilled lizard. You miss the frilled lizard.
The frilled lizard closely misses you.
You hit the frilled lizard.
You kill the frilled lizard!
Trog accepts your kill.
You barely miss the endoplasm. The quokka barely misses you.
The endoplasm hits you but does no damage.
You hit the endoplasm.
The endoplasm is almost dead.
The quokka bites you. The endoplasm closely misses you. The quokka misses you.
You barely miss the quokka. The quokka bites you. The quokka barely misses you.
You hit the quokka.
The quokka is moderately wounded.
The endoplasm freezes you.
You are frozen.
The quokka misses you.
You hit the quokka.
You kill the quokka!
Trog accepts your kill. The quokka bites you.
* * * LOW HITPOINT WARNING * * *
The endoplasm barely misses you. The endoplasm freezes you.
You are frozen.
* * * LOW HITPOINT WARNING * * *
The quokka closely misses you.
Found 19 stones.
Found a faded altar of an unknown god.
The quokka barely misses you. The quokka bites you.
* * * LOW HITPOINT WARNING * * *
The quokka bites you.
You die...

##..? #.... #....####
#....... ... ...... ...
...# .._. . #.### .....
## .# #.@.###....
.###.# ##†#r.#..#
##.....#####.)##J..#
###...###............#
..........####.###.#.#
###.##.............#...
†...#
###..##.####......
##### #..#..# .......
#..#.## ..(....


You could see an endoplasm and a quokka.

Vanquished Creatures
  2 endoplasms (D:1)
  A giant cockroach (D:1)
  A hobgoblin (D:1)
  A quokka (D:1)
  2 ball pythons (D:1)
  2 bats (D:1)
  2 frilled lizards (D:1)
  A kobold (D:1)
  A rat (D:1)
13 creatures vanquished.

Notes
Turn   | Place    | Note
-------+----------+-------------------------------------------
     0 | D:1      | crabcake the Merfolk Berserker began the quest for the Orb.
     0 | D:1      | Reached XP level 1. HP: 18/18 MP: 1/1
   308 | D:1      | Reached XP level 2. HP: 15/24 MP: 2/2
   471 | D:1      | Found a faded altar of an unknown god.
   477 | D:1      | Slain by a quokka

Illustrated notes

Levels and vault maps discovered:
D:1:      mushboom_english_gardens, layout_rooms, basic_ecumenical_altar,
          minmay_misc_feat_tower

Action                   || total
-------------------------++-------
Melee: Spear             ||    49
  Use: Scroll            ||     1
 Stab: Sleeping          ||     1
Armor: Animal skin       ||    15
Dodge: Dodged            ||    48

Table legend: (Time is in decaauts)
 A = Elapsed time spent in this place.
 B = Non-inter-level travel time spent in this place.
 C = Inter-level travel time spent in this place.
 D = Time resting spent in this place.
 E = Time spent auto-exploring this place.
 F = Levels seen in this place.
 G = Mean time per level.
                   A        B        C        D        E       F      G
               +--------+--------+--------+--------+--------+-----+--------+
         Total |    470 |    434 |     36 |      0 |    184 |   1 |  470.0 |
       Dungeon |    470 |    434 |     36 |      0 |    184 |   1 |  470.0 |
               +--------+--------+--------+--------+--------+-----+--------+

Top non-repeatable levels by time:
     D:1: 470 daAuts
